AoeStats
← Sample Text

Arabia

509334707Analyzed
2v2 RM · 6d ago on Sep 26, 2026· 59m 16s· 4 players
Game mode
Random Map
Map size
Medium (4 player)
Population
200
Speed
Normal
Resources
Standard
Victory
Conquest
Starting age
Dark Age
Ending age
Imperial Age
RankedLock teamsTeams togetherTeam positionsShared explorationLock speedFull tech treeHidden civsTurbo modeCheats
Victory
Defeat
🇦🇺 Danes · Australia
1017
+15
🇦🇺 Varangians · Australia
1000
+15
🇪🇸 Shu · Spain
1010
-16
🇪🇸 Malay · Spain
963
-14
blacksword173
8:37 Loom
11:29 Feudal Age
11:55 Double-Bit Axe
16:10 Castle Age
14:55 Gold Mining
17:38 Bow Saw
19:44 Fletching
21:36 Horse Collar
22:57 Heavy Plow
26:09 Wheelbarrow
28:17 Town Watch
30:27 Hand Cart
31:13 Gold Shaft Mining
33:07 Town Patrol
33:15 Bodkin Arrow
33:21 Padded Archer Armor
34:16 Crossbowman
35:02 Thumb Ring
41:56 Ballistics
41:50 Masonry
42:01 Leather Archer Armor
45:07 Imperial Age
44:34 Scale Mail Armor
44:45 Forging
46:13 Conscription
46:31 Arbalester
47:16 Bracer
47:46 Ring Archer Armor
52:29 Bolt Magazine
55:24 Chemistry
charmoleck
8:18 Loom
12:50 Feudal Age
20:19 Castle Age
21:06 Horse Collar
49:49 Scale Barding Armor
51:29 Forging
55:20 Caravan
57:43 Fletching
59:20 Husbandry
58:46 Light Cavalry
58:53 Light Cavalry
NaughtyBoy
4:32 Loom
11:17 Feudal Age
18:00 Castle Age
16:57 Double-Bit Axe
17:40 Horse Collar
19:39 Fletching
20:01 Forging
35:56 Wheelbarrow
35:30 Heavy Plow
35:57 Gold Mining
36:26 Stone Mining
38:18 Scale Mail Armor
39:32 Iron Casting
39:55 Town Watch
44:43 Elite Skirmisher
45:22 Bodkin Arrow
45:28 Padded Archer Armor
49:06 Hand Cart
53:10 Imperial Age
51:34 Leather Archer Armor
51:26 Scale Barding Armor
53:43 Scale Barding Armor
53:15 Capped Ram
56:07 Siege Ram
57:38 Elite Varangian Guard
59:04 Gambesons
59:20 Squires
Sample Text
7:49 Loom
10:32 Feudal Age
11:11 Double-Bit Axe
10:56 Man-at-Arms
13:28 Arson
17:30 Forging
18:30 Horse Collar
22:20 Castle Age
23:05 Pikeman
23:48 Squires
25:17 Gambesons
27:33 Bow Saw
33:13 Scale Mail Armor
39:05 Chain Mail Armor
39:26 Iron Casting
40:06 Wheelbarrow
43:40 Imperial Age
41:46 Padded Archer Armor
41:40 Fletching
42:45 Elite Skirmisher
44:05 Heavy Plow
44:47 Conscription
43:49 Elite Jomsviking
44:25 Gold Mining
44:14 Onager
45:21 Elite Varangian Guard
47:04 Thumb Ring
48:48 Northmen's Fury
50:35 Chemistry
53:51 Blast Furnace
53:21 Plate Mail Armor
57:27 Gold Shaft Mining
Connection lost

Rejoining the realm…

Still unreachable

The connection could not be restored.

Session expired

The server has moved on; the page needs a fresh start.